 Dungeon Crawl Stone Soup version 0.30-a0-738-g116ff8c4af (webtiles) character file.

Game seed: 5291940567201233225

1856 MackTheKnife the Grappler (level 9, -10/60 HPs)
             Began as an Octopode Wanderer on Feb 3, 2023.
             Was an Initiate of Gozag.
             Mangled by a wyvern (17 damage)
             ... on level 8 of the Dungeon.
             The game lasted 00:09:55 (6492 turns).

MackTheKnife the Grappler (Octopode Wanderer)       Turns: 6492, Time: 00:09:55

Health: -10/60     AC:  2    Str: 17    XL:     9   Next: 13%
Magic:  12/12      EV: 14    Int: 16    God:    Gozag
Gold:   149        SH:  0    Dex: 12    Spells: 6/12 levels left

rFire   . . .      SeeInvis .      - Unarmed
rCold   + + +      Faith    .    (no shield)
rNeg    + . .      Spirit   .    u - +1 hat of Ovvit {Contam *Corrode rC+++ Str+4}
rPois   .          Reflect  .    (no amulet)
rElec   .          Harm     .    p - ring of positive energy
rCorr   .          Rampage  .    a - ring of flight
Will    .....                    (no ring)
Stlth   +++                      (no ring)
HPRegen 0.30/turn                (no ring)
MPRegen 0.13/turn                (no ring)
                                 (no ring)
                                 (no ring)

@: mighty, gold aura, flying, fire susceptible
A: almost no armour, amphibious, 8 rings, camouflage 1, gelatinous body 1,
(nimble swimmer 1), tentacles
a: Renounce Religion, Potion Petition, Call Merchant, Bribe Branch


You were on level 8 of the Dungeon.
You worshipped Gozag.
Gozag was aware of your devotion.
You visited 2 branches of the dungeon, and saw 9 of its levels.

You collected 370 gold pieces.
You spent 95 gold pieces at shops.
You paid 126 gold pieces to Gozag.


Innate Abilities, Weirdness & Mutations

You cannot wear most types of armour.
You are amphibious.
You can wear up to eight rings at the same time.
Your skin changes colour to match your surroundings (Stealth+).
Your rubbery body absorbs attacks. (AC +1, EV +1)
((You are camouflaged when in or above water. (Stealth+)))
You have tentacles for arms and can constrict up to eight enemies at once.


   Skills:
 - Level 4.9 Fighting
 - Level 2.0 Staves
 - Level 4.2 Dodging
 - Level 1.3 Stealth
 + Level 8.0 Unarmed Combat
 - Level 2.3 Spellcasting
 - Level 4.3 Transmutations
 - Level 3.2 Evocations


You had 6 spell levels left.
You knew the following spells:

 Your Spells              Type           Power      Damage    Failure   Level
a - Wereblood             Tmut           15%        N/A       4%          2
b - Petrify               Tmut/Erth      8%         N/A       63%         4

Your spell library contained the following spells:

 Spells                   Type           Power      Damage    Failure   Level
 Passwall                 Tmut/Erth      6%         N/A       12%         2
 Kiss of Death            Conj/Necr      4%         2d5       21%         1
 Confusing Touch          Hex            1%         N/A       52%         3
 Dispel Undead            Necr           1%         3d6       90%         4
 Metabolic Englaciation   Hex/Ice        0%         N/A       99%         5
 Statue Form              Tmut/Erth      5%         N/A       100%        6

Inventory:

Armour
 u - the +1 hat of Ovvit (worn) {Contam *Corrode rC+++ Str+4}
   (You found it on level 4 of the Dungeon)

   Str:       It affects your strength (+4).
   rC:        It renders you almost immune to cold.
   Contam:    It causes magical contamination when unequipped.
   *Corrode:  It may corrode you when you take damage.
Jewellery
 a - a ring of flight (right tentacle)
   (You found it on level 6 of the Dungeon)
 p - a ring of positive energy (left tentacle)
   (You bought it in a shop on level 2 of the Dungeon)
Scrolls
 e - 2 scrolls of enchant armour
 g - a scroll of teleportation {@r4}
 l - 2 scrolls of vulnerability {!r!r}
 s - 2 scrolls of magic mapping {!r}
Potions
 m - a potion of might
 o - a potion of curing {@q1}
 q - a potion of flight
 r - a potion of invisibility {unknown}
 v - a potion of cancellation {unknown}
 z - a potion of brilliance {unknown}
Miscellaneous
 b - a piece from Xom's chessboard (13/15)

Dungeon Overview and Level Annotations

Branches:
Dungeon (8/15) Zot: 26957  Temple (1/1) D:6 Zot: 5830
   Lair: D:8-11

Altars:
Ashenzari
Cheibriados
Dithmenos
Elyvilon
Fedhas
Gozag
Hepliaklqana
Makhleb
Nemelex Xobeh
Okawaru
Qazlal
Sif Muna
Trog
Uskayaw
Vehumet
Wu Jian
Xom
Yredelemnul
Zin
The Shining One
Ignis

Shops:
D:2 *   D:8 [

Annotations:
D:4 Eustachio
D:7 exclusion: yak

...#
#..#.####.#.##.#.#
...
..).......#.#..#.#
..
..........#[....#
.
...............##
# ........#.∩.#..#
............#
.......#....#
.......l....#
.......@>...#
#...........#
...#........#
##.###.###### # #.
.. $ ###


You could see a wyvern.


Message History

Where to? (Enter - D:6 @ (x,y), ? - help)
What level of the Dungeon? (default 1, ? - help)
An orc comes into view. It is wielding a +0 mace.
The orc shouts!
Things that are here:
3 poisoned darts {throwing}; a +0 whip {mace} You are now empty-tentacled.
You drop a +2 dagger of speed {short}.
The orc completely misses you.
There is a stone staircase leading down here.
You barely miss the orc. You grab the orc. You constrict the orc.
The orc completely misses you.
You tentacle-slap the orc.
You kill the orc!
No target in view!
No target in view!
You now have 143 gold pieces (gained 6).
Things that are here:
a +0 mace {mace}; a +0 whip {mace}
There is a stone staircase leading down here.
Partly explored, can't reach some places.
Partly explored, can't reach some places.
You fly downwards.
Found a war axe, a potion of might and 10 gold pieces.
Found a stone staircase leading up.
There is a stone staircase leading up here.
A wight comes into view.
It is wielding a +2 long sword and wearing a +1 robe of cold resistance.
A wight is nearby!
You now have 149 gold pieces (gained 6).
A wyvern comes into view.
Found a stone staircase leading down.
A steam dragon comes into view.
Found Tazaf's Armour Emporium.
You see here the +1 ring mail of Atheism {rC+++ Int+4 Dex-4 Slay+5}.
There is an entrance to Tazaf's Armour Emporium here.
You can access your shopping list by pressing '$'.
The helpless steam dragon fails to defend itself.
You tentacle-slap the steam dragon. You tentacle-slap the steam dragon.
The steam dragon breathes steam at you. The ball of steam hits you! 😕 HP[-12]
You take 12 damage, and now have 48/60 hp.
You barely miss the steam dragon.
The wyvern hisses angrily.
Your squeeze misses the steam dragon.
You are engulfed in a cloud of scalding steam.
The steam dragon closely misses you. The steam dragon misses you. 😮 HP[-3]
You take 3 damage, and now have 45/60 hp.
You tentacle-slap the steam dragon. x2
You are engulfed in a cloud of scalding steam.
The steam dragon breathes steam at you. The ball of steam hits you!
* * * LOW HITPOINT WARNING * * *
😨 HP[-15]
You take 15 damage, and now have 30/60 hp.
MASSIVE DAMAGE!! (PAUSE)
You bludgeon the steam dragon! You squeeze the steam dragon.
You are engulfed in a cloud of scalding steam.
* * * LOW HITPOINT WARNING * * *
The steam dragon bites you!
* * * LOW HITPOINT WARNING * * *
The steam dragon claws you.
* * * LOW HITPOINT WARNING * * *
😱 HP[-15]
You take 15 damage, and now have 15/60 hp.
MASSIVE DAMAGE!! (PAUSE)
You tentacle-slap the steam dragon. The steam dragon bites you.
* * * LOW HITPOINT WARNING * * *
The steam dragon closely misses you. 😱 HP[-3]
You take 3 damage, and now have 12/60 hp.
Unknown command.
You tentacle-slap the steam dragon but do no damage.
You squeeze the steam dragon!
You kill the steam dragon!
Your piece from Xom's chessboard (13/15) has regained one charge.
Your Unarmed Combat skill increases to level 8!
Unknown command.
The wyvern bites you but does no damage.
You see here 14 gold pieces.
Unknown command.
You tentacle-slap the wyvern. Your squeeze misses the wyvern.
The wyvern bites you!
* * * LOW HITPOINT WARNING * * *
😱 HP[-6]
You take 6 damage, and now have 6/60 hp.
You tentacle-slap the wyvern but do no damage.
The wyvern completely misses you.
The wyvern bites you but does no damage.
You feel better. The wyvern barely misses you. 😱 HP[+8]
You regained 8 hp, and now have 14/60 hp.
You feel very mighty all of a sudden. The wyvern bites you!
* * * LOW HITPOINT WARNING * * *
The wyvern bites you!
You die...
Your body crumbles into a pile of gold.

Skill      XL: |  1  2  3  4  5  6  7  8  9 |
---------------+----------------------------+-----
Dodging        | 1 2 3 4 |  4.2
Fighting       | 3 4 |  4.9
Spellcasting   | 2 |  2.3
Transmutations | 2 4 |  4.3
Unarmed Combat | 3 7 8 |  8.0
Staves         | |  2.0
Stealth        | |  1.3
Evocations     | |  3.2

Action                     |  1- 3 |  4- 6 |  7- 9 || total
---------------------------+-------+-------+-------++-------
  Melee: Quarterstaff      |    45 |       |       ||    45
         Constrict         |    13 |    14 |    24 ||    51
         Tentacles         |    10 |    15 |    35 ||    60
         Dagger            |    20 |       |    81 ||   101
         Short sword       |    10 |    62 |    25 ||    97
         Punch             |       |       |     7 ||     7
         Unarmed           |       |       |    11 ||    11
   Cast: Wereblood         |       |       |     3 ||     3
 Invoke: Fiery Armour      |       |     2 |     5 ||     7
         Foxfire Swarm     |       |       |     3 ||     3
  Evoke: Piece from Xom's  |    10 |     1 |     4 ||    15
    Use: Potion            |       |     3 |     4 ||     7
         Scroll            |       |       |    14 ||    14
   Stab: Sleeping          |     7 |     1 |     9 ||    17
         Petrified         |       |     5 |     3 ||     8
 Armour: Skin              |     9 |    12 |     9 ||    30
  Dodge: Dodged            |    44 |    46 |    56 ||   146

Levels and vault maps discovered:
D:1:      minmay_arrival_stair_chambers, layout_basic,
          dreamdust_ecumenical_altar_drowned_temple, minmay_3d_cube
D:2:      layout_basic, serial_shops, shop
D:3:      layout_basic, serial_glass, glass_columns_b, glass_columns_b,
          glass_columns_b, glass_columns_c, glass_columns_c, glass_columns_a
D:4:      layout_loops_ring, uniq_eustachio
D:5:      layout_cave_pools, st_stairs_12
D:6:      layout_rooms, minmay_temple_entry_sparse_star, serial_corexii_hall,
          corexii_hall_statues_s, chequers_hall_statues_wall_a,
          corexii_hall_statues_l, bh_walls_and_bars
D:7:      layout_basic, minmay_misc_feat_five, minmay_curled_crystal,
          grunt_ministairs_3, reono_crystal_passage
D:8:      layout_rooms, serial_shops, nicolae_shop_stone
Temple:   nicolae_temple_bog_church

Notes
Turn   | Place    | Note
-------+----------+-------------------------------------------
     0 | D:1      | MackTheKnife the Octopode Wanderer began the quest for the
                  | Orb.
     0 | D:1      | MackTheKnife set off with the following items: a +2
                  | quarterstaff {staff}, a piece from Xom's chessboard
                  | (15/15), a potion of berserk rage {!q}; and the following
                  | spells available to memorise: Wereblood, Passwall.
     0 | D:1      | Reached XP level 1. HP: 14/14 MP: 2/2
     0 | D:1      | magus.rc [v1.9.6]
   200 | D:1      | Found a faded altar of an unknown god.
   223 | D:1      | Prayed at the altar of an unknown god.
   223 | D:1      | Became a worshipper of Ignis, the Dying Flame
   289 | D:1      | Reached skill level 1 in Dodging
   289 | D:1      | Reached XP level 2. HP: 18/18 MP: 3/3
   474 | D:1      | You pick up a book of Sloth and begin reading...
   474 | D:1      | You add the spells Petrify, Metabolic Englaciation and
                  | Statue Form to your library.
   941 | D:2      | Found Ykhi's Assorted Antiques.
  1096 | D:2      | Reached XP level 3. HP: 24/24 MP: 4/4
  1215 | D:2      | Reached skill level 3 in Fighting
  1215 | D:2      | Reached skill level 2 in Dodging
  1723 | D:2      | Bought an ivory ring for 95 gold pieces
  2175 | D:4      | Reached XP level 4. HP: 18/31 MP: 5/5
  2669 | D:4      | Identified the +1 hat of Ovvit {Contam *Corrode rC+++
                  | Str+4}
  2680 | D:4      | Noticed Eustachio
  3025 | D:5      | Entered Level 5 of the Dungeon
  3025 | D:5      | Noticed a water moccasin
  3032 | D:5      | Killed a water moccasin
  3032 | D:5      | HP: 5/31 [howler monkey (6)]
  3033 | D:5      | Reached skill level 4 in Fighting
  3033 | D:5      | Reached skill level 3 in Dodging
  3033 | D:5      | Reached XP level 5. HP: 6/37 MP: 6/6
  3042 | D:4      | Reached XP level 6. HP: 25/44 MP: 7/7
  3048 | D:4      | Reached skill level 4 in Dodging
  3237 | D:4      | Learned a level 2 spell: Wereblood
  3529 | D:5      | Reached skill level 2 in Spellcasting
  3529 | D:5      | Reached skill level 2 in Transmutations
  3529 | D:5      | Reached XP level 7. HP: 49/49 MP: 8/10
  3851 | D:5      | Identified the +0 cloak "Qujiupt" {-Tele Regen+ MP+9}
  4042 | D:6      | Reached skill level 3 in Transmutations
  4145 | D:6      | Reached skill level 4 in Transmutations
  4208 | D:6      | Reached skill level 1 in Unarmed Combat
  4238 | D:6      | Reached skill level 2 in Unarmed Combat
  4502 | D:6      | Found a staircase to the Ecumenical Temple.
  4537 | D:6      | Reached skill level 3 in Unarmed Combat
  4537 | D:6      | Reached XP level 8. HP: 44/54 MP: 11/11
  4775 | D:7      | Reached skill level 4 in Unarmed Combat
  5064 | D:7      | You pick up a book of Touch and begin reading...
  5064 | D:7      | You add the spells Kiss of Death, Confusing Touch and
                  | Dispel Undead to your library.
  5086 | D:7      | Reached skill level 5 in Unarmed Combat
  5095 | D:7      | Learned a level 4 spell: Petrify
  5432 | D:7      | Reached skill level 6 in Unarmed Combat
  5573 | D:7      | Reached skill level 7 in Unarmed Combat
  5592 | D:7      | Noticed a yak
  5679 | D:7      | Reached XP level 9. HP: 30/60 MP: 12/12
  5871 | Temple   | Entered the Ecumenical Temple
  6037 | Temple   | Fell from the grace of Ignis
  6037 | Temple   | Became a worshipper of Gozag Ym Sagoz the Greedy
  6475 | D:8      | Found Tazaf's Armour Emporium.
  6475 | D:8      | Identified the +1 ring mail of Atheism {rC+++ Int+4 Dex-4
                  | Slay+5}
  6485 | D:8      | HP: 15/60 [steam dragon (1)]
  6488 | D:8      | Reached skill level 8 in Unarmed Combat
  6489 | D:8      | HP: 6/60 [wyvern (7)]
  6492 | D:8      | Mangled by a wyvern

Vanquished Creatures
  A steam dragon (D:8)
  2 water moccasins
  An orc warrior (D:7)
  A phantom (D:6)
  A kobold brigand (D:7)
  4 bullfrogs
  A scorpion (D:7)
  2 necrophages
  5 wights (D:7)
  A howler monkey (D:4)
  2 jellies
  An orc priest (D:5)
  6 hounds
  6 iguanas
  An orc wizard (D:7)
  3 gnolls (D:4)
  3 adders
  A dart slug (D:5)
  6 orcs
  7 ball pythons
  3 bats
  5 endoplasms
  A giant cockroach (D:1)
  4 goblins
  5 hobgoblins
  7 kobolds
  2 quokkas (D:2)
  2 frilled lizards
  5 rats
  A spectral kobold (D:1)
90 creatures vanquished.

Vanquished Creatures (others)
  22 foxfires
22 creatures vanquished.

Grand Total: 112 creatures vanquished

Table legend:
 A = Non-vault XP
 B = Vault XP
 C = Vault XP percentage of total XP
 D = Non-vault monster count
 E = Vault monster count
 F = Vault count percentage of total count
                 A         B        C        D         E       F
            +---------+---------+-------+---------+---------+-------
      Total |    2476 |     176 |   6.6 |      82 |       8 |   8.9
            +---------+---------+-------+---------+---------+-------
        D:1 |       9 |       8 |  47.1 |       6 |       5 |  45.5
        D:2 |      48 |       0 |   0.0 |      23 |       0 |   0.0
        D:3 |       4 |       0 |   0.0 |       2 |       0 |   0.0
        D:4 |     161 |       0 |   0.0 |      11 |       0 |   0.0
        D:5 |     451 |      42 |   8.5 |      11 |       1 |   8.3
        D:6 |     635 |       0 |   0.0 |      10 |       0 |   0.0
        D:7 |     985 |     126 |  11.3 |      18 |       2 |  10.0
        D:8 |     183 |       0 |   0.0 |       1 |       0 |   0.0
            +---------+---------+-------+---------+---------+-------

Illustrated notes

Table legend:
 A = Kills in this place as a percentage of kills in entire the game.
 B = Kills by you in this place as a percentage of kills by you in the entire game.
 C = Kills by friends in this place as a percentage of kills by friends in the entire game.
 D = Other kills in this place as a percentage of other kills in the entire game.
 E = Experience gained in this place as a percentage of experience gained in the entire game.
 F = Experience gained in this place divided by the number of levels of this place that you have seen.
                   A       B       C       D       E      F
               +-------+-------+-------+-------+-------+----------------------
         Total | 100.0 | 100.0 |   N/A |   N/A | 100.0 | 294.7
       Dungeon | 100.0 | 100.0 |   N/A |   N/A | 100.0 | 331.5
               +-------+-------+-------+-------+-------+----------------------

Table legend: (Time is in decaauts)
 A = Elapsed time spent in this place.
 B = Non-inter-level travel time spent in this place.
 C = Inter-level travel time spent in this place.
 D = Time resting spent in this place.
 E = Time spent auto-exploring this place.
 F = Levels seen in this place.
 G = Mean time per level.
                   A        B        C        D        E       F      G
               +--------+--------+--------+--------+--------+-----+--------+
         Total |   6484 |   6071 |    413 |   1208 |   4018 |   9 |  720.4 |
       Dungeon |   6315 |   5915 |    400 |   1204 |   3907 |   8 |  789.4 |
        Temple |    169 |    156 |     13 |      4 |    111 |   1 |  169.0 |
               +--------+--------+--------+--------+--------+-----+--------+

Top non-repeatable levels by time:
     D:4: 1311 daAuts
     D:7: 1145 daAuts
     D:6: 1100 daAuts
     D:1: 835 daAuts
     D:2: 726 daAuts
     D:5: 725 daAuts
     D:3: 430 daAuts
  Temple: 169 daAuts
     D:8: 41 daAuts
